Map: Central Protocol

Players

juhyg

  • Race: Zerg Zerg
  • League: Bronze

scplayeer - Winner!

  • Race: Protoss Protoss
  • League: Silver

VOD

Have the link to the VOD?

Description

Time

  • Played on: Feb. 7, 2016, 3:53 a.m.
  • Length: 10:54
Show
View Real Time Build Order
Export as new Build Order

juhyg Zerg 

Build Orders: Hatch First 

Get SALT Encoding   

  12  0:35  Hatchery  
  11  0:53  Spawning Pool  
  11  0:55  Overlord  
  10  1:01  Drone  
  11  1:05  Drone  
  11  1:10  Drone  
  14  1:18  Drone  
  14  1:32  Drone  
  14  1:37  Extractor  
  14  1:40  Drone  
  14  1:41  Queen  
  17  1:50  Drone x2  
  19  2:04  Zergling x4  
  19  2:08  Queen  
  21  2:12  Drone  
  24  2:20  Drone  
  24  2:21  Drone  
  26  2:30  Drone x2  
  28  2:38  Overlord  
  28  2:47  Overlord  
  28  2:53  Extractor  
  28  2:55  Drone  
  28  2:59  Lair  
  28  3:07  Drone  
  28  3:08  Drone x2  
  31  3:31  Roach Warren  
  30  3:40  Drone x5  
  30  3:41  Drone x3  
  38  3:52  Metabolic Boost  
  38  4:05  Hydralisk Den  
  37  4:11  Drone x2  
  37  4:12  Drone, Evolution Chamber  
  37  4:16  Roach x2  
  43  4:31  Overlord  
  43  4:32  Overlord x4  
  43  4:59  Hydralisk x2  
  42  5:00  Hydralisk x5  
  56  5:11  Zerg Melee Weapons Level 1  
  56  5:20  Extractor  
  55  5:24  Extractor  
  55  5:25  Drone x2  
  55  5:26  Drone x4  
  55  5:27  Zergling x6  
  63  5:54  Roach x4  
  63  5:55  Roach x2  
  75  6:06  Hydralisk x2  
  57  6:49  Roach  
  57  6:50  Roach x6  
  57  6:51  Roach x6  
  83  6:57  Muscular Augments  
  83  6:58  Glial Reconstitution  
  83  7:05  Zerg Missile Weapons Level 1  
  83  7:30  Overlord x5  
  83  7:44  Hatchery  
  82  7:58  Zergling x6  
  84  8:03  Drone x3  
  92  8:05  Roach x2  
  92  8:06  Roach x3  
  98  8:26  Hydralisk x4  
  98  8:27  Hydralisk  
  108  8:37  Hydralisk  
  108  8:40  Zergling x4  
  112  8:50  Roach  
  112  8:51  Roach x3  
  112  8:52  Zergling x2  
  121  9:00  Zerg Ground Armor Level 1  
  121  9:01  Drone  
  122  9:09  Hydralisk x3  
  128  9:24  Drone x2  
  130  9:28  Overlord x3  
  130  9:29  Overlord  
  130  9:32  Overseer x3  
  130  9:51  Zergling x4  
  130  9:52  Zergling x2, Roach x3  
  141  9:53  Roach x3  
  143  10:12  Zergling x4  
  143  10:13  Zergling x6  
  80  10:35  Roach  
Show
View Real Time Build Order
Export as new Build Order

scplayeer Protoss - Winner!

Build Orders: 1 Gate Expand 

Get SALT Encoding   

  12  0:01  Probe (Chrono Boost)  
  13  0:12  Probe (Chrono Boost)  
  14  0:19  Pylon  
  14  0:22  Probe (Chrono Boost)  
  15  0:37  Probe (Chrono Boost)  
  15  0:39  Gateway  
  16  0:47  Probe (Chrono Boost)  
  17  0:58  Probe (Chrono Boost)  
  18  1:08  Probe (Chrono Boost)  
  19  1:19  Nexus  
  19  1:28  Cybernetics Core  
  19  1:32  Assimilator  
  19  1:35  Probe (Chrono Boost)  
  20  1:44  Pylon  
  20  1:47  Probe (Chrono Boost)  
  20  1:51  Assimilator  
  21  1:58  Probe (Chrono Boost)  
  22  2:13  Gateway  
  22  2:19  Gateway  
  22  2:23  Gateway  
  22  2:24  Probe (Chrono Boost)  
  23  2:31  Probe (Chrono Boost)  
  23  2:35  Probe (Chrono Boost)  
  25  2:39  Mothership Core (Chrono Boost)  
  25  2:41  Zealot (Chrono Boost)  
  28  2:50  Pylon  
  28  2:52  Probe  
  28  2:57  Warp Gate (Chrono Boost)  
  28  2:58  Probe  
  30  3:08  Zealot (Chrono Boost)  
  30  3:09  Zealot x2 (Chrono Boost)  
  30  3:12  Probe  
  37  3:15  Probe  
  38  3:24  Probe  
  39  3:31  Robotics Facility  
  39  3:33  Probe  
  40  3:38  Probe  
  41  3:45  Probe  
  42  3:52  Pylon  
  44  3:58  Stalker (Chrono Boost)  
  44  3:59  Stalker (Chrono Boost)  
  44  4:00  Stalker (Chrono Boost)  
  44  4:02  Probe  
  49  4:11  Assimilator  
  49  4:13  Assimilator  
  49  4:15  Probe  
  50  4:18  Observer (Chrono Boost)  
  50  4:20  Probe  
  52  4:27  Stalker (Chrono Boost)  
  52  4:28  Stalker (Chrono Boost)  
  52  4:29  Stalker (Chrono Boost)  
  52  4:31  Probe  
  59  4:37  Pylon  
  59  4:38  Probe  
  60  4:44  Probe  
  61  4:50  Probe  
  62  4:56  Probe  
  63  5:02  Probe, Immortal (Chrono Boost)  
  68  5:08  Probe  
  69  5:14  Probe  
  70  5:21  Nexus  
  70  5:27  Pylon  
  70  5:45  Pylon, Probe  
  70  5:46  Sentry, Immortal (Chrono Boost)  
  70  5:49  Pylon  
  77  6:03  Robotics Facility  
  77  6:06  Probe  
  77  6:10  Stalker x2  
  82  6:15  Probe  
  83  6:20  Twilight Council, Immortal (Chrono Boost)  
  83  6:21  Sentry  
  88  6:36  Probe  
  87  6:44  Probe  
  88  6:50  Stalker x3  
  94  6:59  Nexus  
  94  7:15  Pylon  
  94  7:18  Blink (Chrono Boost)  
  94  7:22  Robotics Bay  
  94  7:28  Forge  
  94  7:31  Forge  
  94  7:33  Probe, Immortal (Chrono Boost)  
  99  7:37  Stalker  
  101  7:47  Pylon, Probe  
  102  7:53  Pylon  
  102  7:54  Pylon  
  102  7:59  Pylon  
  102  8:05  Protoss Ground Weapons Level 1 (Chrono Boost), Immortal (Chrono Boost)  
  106  8:07  Protoss Ground Armor Level 1 (Chrono Boost)  
  106  8:08  Warp Prism (Chrono Boost)  
  106  8:09  Probe  
  109  8:17  Probe  
  110  8:21  Probe x2  
  112  8:28  Stalker x2  
  112  8:29  Probe, Stalker  
  112  8:31  Probe  
  120  8:35  Probe  
  120  8:40  Extended Thermal Lance (Chrono Boost)  
  121  9:00  Stalker x3  
  127  9:03  Probe  
  127  9:05  Photon Cannon  
  127  9:08  Probe  
  127  9:09  Probe  
  129  9:15  Probe  
  131  9:20  Probe x2  
  131  9:24  Stalker x3  
  137  9:27  Probe  
  141  9:39  Observer (Chrono Boost)  
  141  9:41  Observer (Chrono Boost)  
  141  9:45  Gateway  
  142  9:47  Gateway  
  148  10:07  Colossus (Chrono Boost)  
  148  10:09  Zealot  
  149  10:18  Zealot  
  149  10:21  Photon Cannon  
  147  10:24  Photon Cannon  
  147  10:26  Stalker  
  117  10:37  Stalker  
  117  10:38  Probe  
  118  10:44  Gateway  
  118  10:46  Gateway  
  124  10:51  Stalker  
  124  10:52  Stalker x3  
Tags
 
Add a new tag
Caveats
  • Supply blocks, unpowered buildings, or Contaminate may cause inaccurate times.
  • Supply counts are checked every 10 seconds.